 Dungeon Crawl Stone Soup version 0.31-a0-524-g2a164cf6a2 (webtiles) character file.

Game seed: 13604260714660775196

8575 AdnanSaban the Basher (level 11, -5/68 HPs)
             Began as a Gargoyle Fighter on Aug 12, 2023.
             Was an Elder of Okawaru.
             Slain by a skeletal warrior
             ... wielding a +0 flail
              (17 damage)
             ... on level 10 of the Dungeon.
             The game lasted 00:13:09 (9934 turns).

AdnanSaban the Basher (Gargoyle Fighter)            Turns: 9934, Time: 00:13:10

Health: -5/68      AC: 26    Str: 30    XL:     11   Next: 33%
Magic:  14/14      EV:  8    Int:  9    God:    Okawaru [****..]
Gold:   550        SH:  5    Dex:  9    Spells: 10/10 levels left

rFire   . . .        s - +1 whip (drain)
rCold   . . .        c - +0 buckler
rNeg    + . .        L - +0 plate armour
rPois   ∞            (no helmet)
rElec   +            y - scarf {repulsion}
rCorr   .            b - +0 pair of gloves
SInv    .            I - +1 pair of boots
Will    +....        J - amulet of regeneration Stlth
                     O - +6 ring of strength
HPRegen 1.11/turn    v - ring of willpower
MPRegen 0.14/turn

%: repel missiles
@: no status effects
A: sickness immunity, AC +8, negative energy resistance 1, electricity
resistance, torment resistance 1, petrification resistance
a: Renounce Religion, Heroism, Finesse


You were on level 10 of the Dungeon.
You worshipped Okawaru.
Okawaru was greatly pleased with you.
You visited 1 branch of the dungeon, and saw 11 of its levels.
You also visited: Ossuary.

You collected 550 gold pieces.

Inventory:

Hand Weapons
 s - a +1 whip of draining (weapon)
Missiles
 j - 8 javelins
 t - 22 poisoned darts (quivered)
 x - 7 boomerangs
 H - 2 throwing nets
Armour
 b - a +0 pair of gloves (worn)
 c - a +0 buckler (worn)
 y - a scarf of repulsion (worn)
 I - a +1 pair of boots (worn)
 L - a +0 plate armour (worn)
Jewellery
 o - a ring of positive energy
 r - a ring of flight
 v - a ring of willpower (right hand)
 D - a +6 ring of dexterity
 F - a ring of protection from cold
 J - an amulet of regeneration (around neck)
 O - a +6 ring of strength (left hand)
Wands
 w - a wand of iceblast (13)
 G - a wand of light (13)
 K - a wand of flame (27)
 P - a wand of polymorph (1)
 T - a wand of paralysis (2)
Scrolls
 e - 10 scrolls of teleportation {unknown}
 f - 4 scrolls of revelation {unknown}
 g - 4 scrolls of vulnerability {unknown}
 h - 13 scrolls of identify {unknown}
 p - a scroll of immolation {unknown}
 u - 5 scrolls of enchant armour {unknown}
 z - a scroll of amnesia {unknown}
 M - 2 scrolls of noise {unknown}
 Q - a scroll of blinking {unknown}
 R - a scroll of enchant weapon {unknown}
Potions
 a - 3 potions of mutation {unknown}
 d - 4 potions of might
 i - a potion of invisibility {unknown}
 k - 2 potions of brilliance {unknown}
 l - 5 potions of lignification {unknown}
 m - 4 potions of heal wounds {unknown}
 n - 6 potions of curing {unknown}
 q - a potion of degeneration {unknown}
 A - 2 potions of attraction {unknown}
 B - a potion of cancellation {unknown}
 C - 2 potions of resistance {unknown}
 E - a potion of ambrosia {unknown}
 N - 2 potions of berserk rage {unknown}
 S - a potion of magic {unknown}


   Skills:
 + Level 8.0 Fighting
 + Level 10.2 Maces & Flails
 + Level 1.5 Throwing
 + Level 9.5 Armour
 + Level 2.8 Dodging
 + Level 1.2 Stealth
 + Level 8.7 Shields
 * Level 4.6 Invocations


You had 10 spell levels left.
You didn't know any spells.
Your spell library contained the following spells:

 Spells                   Type           Power      Damage    Failure   Level
 Lesser Beckoning         Tloc           0%         N/A       99%         2
 Passwall                 Tmut/Erth      0%         N/A       99%         2
 Static Discharge         Conj/Air       0%         2-2/arc   99%         2
 Wereblood                Tmut           0%         N/A       99%         2
 Gell's Gravitas          Tloc           0%         N/A       100%        3
 Ignite Poison            Fire/Tmut/Pois 0%         N/A       100%        3
 Stone Arrow              Conj/Erth      0%         3d7       100%        3
 Teleport Other           Tloc           0%         N/A       100%        3
 Vhi's Electric Charge    Tloc/Air       0%         N/A       100%        3
 Airstrike                Air            0%         2d(0-16)  100%        4
 Anguish                  Hex/Necr       0%         N/A       100%        4
 Cause Fear               Hex            0%         N/A       100%        4
 Petrify                  Tmut/Erth      0%         N/A       100%        4
 Sticky Flame             Conj/Fire      0%         2d3       100%        4
 Arcjolt                  Conj/Air       0%         1d10      100%        5
 Irradiate                Conj/Tmut      0%         3d11      100%        5
 Lee's Rapid Deconstruct  Erth           0%         3d4*      100%        5
 Dispersal                Tloc           0%         N/A       100%        6
 Enfeeble                 Hex            0%         N/A       100%        7
 Ignition                 Fire           0%         3d3       100%        8
 Lehudib's Crystal Spear  Conj/Erth      0%         10d2      100%        8
 Maxwell's Capacitive Co  Air            0%         ∞         100%        8
 Summon Small Mammal      Summ           Unusable   N/A       N/A         1
 Call Canine Familiar     Summ           Unusable   N/A       N/A         3
 Summon Guardian Golem    Hex/Summ       Unusable   N/A       N/A         3
 Summon Lightning Spire   Summ/Air       Unusable   N/A       N/A         4
 Summon Cactus Giant      Summ           Unusable   N/A       N/A         6

Dungeon Overview and Level Annotations

Branches:
Dungeon (11/15)            Temple (0/1) D:5            Lair (0/5) D:11
Ossuary (visited)
    Orc: D:9-12

Altars:
Cheibriados
Elyvilon
Kikubaaqudgha
Okawaru
Ru
Sif Muna
Vehumet
Wu Jian
Zin
The Shining One

Annotations:
D:10 1 runed translucent door, chipmonk's ghost, journeyman MfSh


Innate Abilities, Weirdness & Mutations

You are immune to sickness and miasma.
Your stone body is resilient. (AC +8)
You are immune to poison.
You resist negative energy. (rN+)
You are resistant to electric shocks. (rElec)
You are resistant to unholy torment.
You are immune to petrification.


Message History

The skeletal warrior is lightly damaged.
The skeletal warrior hits you but does no damage.
You barely miss the skeletal warrior.
The skeletal warrior is lightly damaged.
You hit the skeletal warrior but do no damage.
The skeletal warrior is lightly damaged.
The skeletal warrior hits you with a +0 flail!!
You hit the skeletal warrior but do no damage.
The skeletal warrior is lightly damaged.
You hit the skeletal warrior.
The skeletal warrior is lightly damaged.
The skeletal warrior hits you with a +0 flail!
* * * LOW HITPOINT WARNING * * *
You barely miss the skeletal warrior.
The skeletal warrior is lightly damaged.
The skeletal warrior hits you but does no damage.
You completely miss the skeletal warrior.
The skeletal warrior is lightly damaged.
You hit the skeletal warrior but do no damage.
The skeletal warrior is lightly damaged.
The skeletal warrior hits you but does no damage.
You hit the skeletal warrior.
The skeletal warrior is lightly damaged.
The skeletal warrior hits you but does no damage.
You hit the skeletal warrior but do no damage.
The skeletal warrior is lightly damaged.
You hit the skeletal warrior.
The skeletal warrior is lightly damaged.
The skeletal warrior hits you with a +0 flail!
* * * LOW HITPOINT WARNING * * *
You closely miss the skeletal warrior.
The skeletal warrior is lightly damaged.
You hit the skeletal warrior but do no damage.
The skeletal warrior is lightly damaged.
The skeletal warrior hits you with a +0 flail.
* * * LOW HITPOINT WARNING * * *
You whack the skeletal warrior!
The skeletal warrior is moderately damaged.
The skeletal warrior hits you with a +0 flail!
You die...

#..#
#.........#
#.# #..#
#..#
#.........#
#.# #..#
#..#
#.........#
#.# #..#
#..#
#.........#
#.# #..#
#..#
#.........#
#.# #..#
#..#
#.........#
#.# #..#
#.)#
#.........#
#.# #..#
#..#
#.........#
#.# #..#
#..#
#.......z@#
#.# #..#
#..#
#.........#
#.# #..###
...#
#.........#
#.# #.....
####
###########
### ######


You could see a skeletal warrior.

Vanquished Creatures
  4 two-headed ogres
  Joseph (D:10)
  A troll (D:10)
  A meliai (D:10)
  2 wraiths
  A yak (D:10)
  4 steam dragons
  7 water moccasins
  An acid dragon (D:11)
  4 orc warriors
  3 sky beasts
  A black bear (D:7)
  An ice beast (D:7)
  2 centaurs
  3 phantoms
  3 kobold brigands (D:8)
  A scorpion (D:6)
  A bullfrog (D:8)
  A wyvern zombie (D:8)
  2 necrophages (D:8)
  5 wights (D:8)
  The ghost of threequarters the Trooper, a weakling DrBe of Trog (D:3)
  6 centaur zombies
  3 howler monkeys
  A human zombie (D:8)
  2 jellies
  8 orc priests
  3 hounds
  2 iguanas
  14 orc wizards
  A killer bee zombie (D:8)
  2 mummies (Ossuary)
  7 gnolls
  8 adders
  A shadow imp (D:7)
  A white imp (D:5)
  An ufetubus (D:5)
  2 adder zombies (Ossuary)
  A worm (D:3)
  4 dart slugs
  32 orcs
  6 endoplasms
  3 giant cockroaches
  5 hobgoblins
  12 jackals
  7 quokkas
  8 ball pythons
  8 bats
  4 frilled lizards
  6 goblins
  2 goblin zombies
  7 hobgoblin zombies (Ossuary)
  2 jackal zombies (Ossuary)
  20 kobolds
  7 kobold zombies (Ossuary)
  13 orc zombies (Ossuary)
  A quokka zombie (D:8)
  8 rats
  A rat zombie (Ossuary)
269 creatures vanquished.

Vanquished Creatures (others)
  A vampire (D:10)
  An orc warrior (D:9)
2 creatures vanquished.

Grand Total: 271 creatures vanquished

Notes
Turn   | Place    | Note
-------+----------+-------------------------------------------
     0 | D:1      | AdnanSaban the Gargoyle Fighter began the quest for the
                  | Orb.
     0 | D:1      | Reached XP level 1. HP: 14/14 MP: 1/1
    62 | D:1      | Reached XP level 2. HP: 19/19 MP: 2/2
   247 | D:1      | Found a faded altar of an unknown god.
   330 | D:1      | Reached XP level 3. HP: 17/23 MP: 3/3
   641 | D:2      | Reached XP level 4. HP: 29/29 MP: 4/4
   767 | D:2      | You fall into a shaft and drop 1 floor!
   776 | D:3      | Noticed a phantom
   802 | D:3      | Reached skill level 3 in Maces & Flails
   969 | D:3      | Reached XP level 5. HP: 33/33 MP: 5/5
  1386 | D:2      | Got the Vademecum on the Terrestrial Flock
  1981 | D:4      | Noticed a phantom
  1997 | D:4      | Reached XP level 6. HP: 22/38 MP: 6/6
  2011 | D:4      | Reached skill level 4 in Maces & Flails
  2011 | D:4      | Reached skill level 1 in Dodging
  2174 | D:4      | Found a runed translucent gate.
  2175 | D:4      | Found a runed translucent gate.
  2177 | D:4      | Found a runed translucent gate.
  2178 | D:4      | Identified the +3 ring mail "Jayroc" {+Blink rC++ Dex-4}
  2255 | D:4      | Noticed threequarters's ghost (weakling DrBe)
  2705 | D:4      | Reached skill level 5 in Armour
  2923 | D:3      | Killed threequarters's ghost
  3220 | D:4      | Reached XP level 7. HP: 43/44 MP: 7/7
  3268 | D:5      | Entered Level 5 of the Dungeon
  3299 | D:5      | Found a shimmering blue altar of Sif Muna.
  3301 | D:5      | Found a snail-covered altar of Cheibriados.
  3301 | D:5      | Found an iron altar of Okawaru.
  3303 | D:5      | Found an ornate altar of the Wu Jian Council.
  3304 | D:5      | Found a radiant altar of Vehumet.
  3372 | D:5      | Became a worshipper of Warmaster Okawaru
  3443 | D:5      | Reached skill level 5 in Maces & Flails
  3863 | D:5      | Found a staircase to the Ecumenical Temple.
  4181 | D:6      | Reached * piety under Okawaru
  4182 | D:6      | Reached skill level 5 in Fighting
  4214 | D:6      | Reached XP level 8. HP: 31/49 MP: 8/8
  4454 | D:6      | Reached skill level 5 in Shields
  4564 | D:6      | Reached skill level 6 in Maces & Flails
  4590 | D:6      | Found a sacrificial altar of Ru.
  4864 | D:6      | Reached ** piety under Okawaru
  4866 | D:6      | Got Sif Muna's Information on Geomancy
  5128 | D:7      | Reached XP level 9. HP: 50/55 MP: 9/9
  5314 | D:7      | Reached skill level 7 in Maces & Flails
  5761 | D:7      | Reached skill level 1 in Stealth
  5956 | D:7      | Found a glowing silver altar of Zin.
  6018 | D:8      | Found a sand-covered staircase.
  6025 | Ossuary  | Entered an ossuary
  6468 | D:8      | Found a white marble altar of Elyvilon.
  6955 | D:8      | Reached skill level 8 in Maces & Flails
  7091 | D:8      | Reached *** piety under Okawaru
  7137 | D:8      | Found an ancient bone altar of Kikubaaqudgha.
  7261 | D:8      | Reached XP level 10. HP: 63/63 MP: 10/10
  7591 | D:9      | Found a glowing golden altar of the Shining One.
  7662 | D:9      | Reached skill level 9 in Maces & Flails
  8055 | D:10     | Entered Level 10 of the Dungeon
  8108 | D:10     | Reached **** piety under Okawaru
  8140 | D:10     | Found a runed translucent door.
  8141 | D:10     | Noticed chipmonk's ghost (journeyman MfSh)
  8155 | D:10     | Noticed a two-headed ogre
  8169 | D:10     | Killed a two-headed ogre
  8170 | D:10     | Reached skill level 1 in Invocations
  8631 | D:10     | Noticed a two-headed ogre
  8642 | D:10     | Killed a two-headed ogre
  8667 | D:10     | Noticed Joseph
  8701 | D:10     | Killed Joseph
  9230 | D:11     | Noticed a two-headed ogre
  9242 | D:11     | Killed a two-headed ogre
  9243 | D:11     | Reached skill level 1 in Throwing
  9243 | D:11     | Reached XP level 11. HP: 68/68 MP: 12/14
  9434 | D:11     | Found a staircase to the Lair.
  9475 | D:11     | Reached skill level 10 in Maces & Flails
  9569 | D:11     | Noticed a two-headed ogre
  9576 | D:11     | Received a gift from Okawaru
  9665 | D:10     | Killed a two-headed ogre
  9737 | D:11     | Noticed a skeletal warrior
  9742 | D:11     | Noticed a manticore
  9743 | D:11     | Noticed a manticore
  9746 | D:11     | Noticed a skeletal warrior
  9748 | D:11     | Noticed a skeletal warrior
  9748 | D:11     | Noticed a skeletal warrior
  9934 | D:10     | Slain by a skeletal warrior

Illustrated notes

Levels and vault maps discovered:
D:1:      ldierk_walled_garden, layout_rooms,
          hellmonk_ecumenical_altar_crossroads
D:2:      layout_loops_ring
D:3:      layout_loops_ring
D:4:      layout_basic, biasface_ghost_orc_armoury, st_stairs_9,
          minmay_misc_feat_pillars, minmay_fractal_squares_gapless_5
D:5:      layout_basic, grunt_temple_overflow_open, temple_fountains
D:6:      layout_basic, mainiacjoe_overflow_paths
D:7:      layout_basic, zin_scriptorium
D:8:      layout_loops_corners, lemuel_mausoleum_altar_kikubaaqudgha,
          elyvilon_altar_4, enter_ossuary_4
D:9:      layout_rooms, mainiacjoe_overflow_small_starburst
D:10:     layout_long_grid, gammafunk_ghost_grave, minmay_sticks_and_stones
D:11:     layout_roguey, due_lair_maze_entry_diamond,
          kennysheep_orc_monster_closet_entryway

Skill      XL: |  1  2  3  4  5  6  7  8  9 10 11 |
---------------+----------------------------------+-----
Maces & Flails | 3 4 5 6 8 9 10 | 10.2
Fighting       | 4 5 7 8 |  8.0
Armour         | 4 5 6 7 9 |  9.5
Shields        | 4 5 6 8 |  8.7
Dodging        | 1 2 |  2.8
Stealth        | 1 |  1.2
Invocations    | 4 |  4.6
Throwing       | 1 |  1.5

Action                     |  1- 3 |  4- 6 |  7- 9 | 10-12 || total
---------------------------+-------+-------+-------+-------++-------
  Melee: Flail             |   138 |   163 |       |       ||   301
         Whip              |       |    89 |   735 |   525 ||  1349
  Throw: Dart              |       |       |       |    18 ||    18
 Armour: Scale mail        |    94 |   134 |       |       ||   228
         Chain mail        |       |       |   146 |       ||   146
         Plate armour      |       |       |   307 |   312 ||   619
  Dodge: Dodged            |    89 |   117 |   261 |   138 ||   605
         Repelled          |       |       |       |     3 ||     3
  Block: Buckler           |    33 |    67 |   153 |   134 ||   387

Table legend: (Time is in decaauts)
 A = Elapsed time spent in this place.
 B = Non-inter-level travel time spent in this place.
 C = Inter-level travel time spent in this place.
 D = Time resting spent in this place.
 E = Time spent auto-exploring this place.
 F = Levels seen in this place.
 G = Mean time per level.
                   A        B        C        D        E       F      G
               +--------+--------+--------+--------+--------+-----+--------+
         Total |   9679 |   9302 |    377 |    476 |   6316 |  12 |  806.6 |
       Dungeon |   9412 |   9035 |    377 |    474 |   6212 |  11 |  855.6 |
       Ossuary |    267 |    267 |      0 |      2 |    104 |   1 |  267.0 |
               +--------+--------+--------+--------+--------+-----+--------+

Top non-repeatable levels by time:
    D:10: 1292 daAuts
     D:8: 1176 daAuts
     D:3: 1073 daAuts
     D:4: 1007 daAuts
     D:6: 895 daAuts
     D:5: 874 daAuts
     D:7: 802 daAuts
     D:2: 765 daAuts
     D:9: 559 daAuts
     D:1: 504 daAuts
    D:11: 460 daAuts
 Ossuary: 267 daAuts
